 Dungeon Crawl Stone Soup version 0.18.1-48-g4cf74bf (webtiles) character file.

361 torvon the Charmwright (level 6, -10/49 HPs)
             Began as a Merfolk Skald on Aug 8, 2016.
             Was a Follower of Yredelemnul.
             Killed by divine providence
             ... invoked by an orc priest
              (13 damage)
             ... on level 4 of the Dungeon.
             The game lasted 00:23:32 (3807 turns).

torvon the Charmwright (Merfolk Skald)              Turns: 3807, Time: 00:23:33

Health: -10/49     AC:  7    Str: 12    XL:     6   Next: 66%
Magic:  0/9        EV: 11    Int: 13    God:    Yredelemnul [*.....]
Gold:   225        SH:  0    Dex: 14    Spells: 4 memorised, 0 levels left

rFire  . . .     SeeInvis .     a - +0 spear
rCold  . . .     Gourm    .     b - +0 leather armour
rNeg   . . .     Faith    .     (no shield)
rPois  .         Spirit   .     i - +0 helmet
rElec  .         Dismiss  .     n - +0 cloak
rCorr  .         Reflect  .     F - +0 pair of gloves
SustAt .         Harm     .     u - +0 pair of boots
MR     .....                    (no amulet)
Stlth  +.........               (no ring)
                                (no ring)

@: shrouded (expiring), infused, very slightly contaminated, not resistant to
hostile enchantments, very unstealthy
A: change form in water, swift swim
a: Animate Remains, Renounce Religion


You were on level 4 of the Dungeon.
You worshipped Yredelemnul.
Yredelemnul was aware of your devotion.
You were not hungry.

You visited 1 branch of the dungeon, and saw 4 of its levels.

You collected 225 gold pieces.

Inventory:

Hand Weapons
 a - a +0 spear (weapon)
 r - a +2 dagger of protection
 x - a +0 flail of crushing
Missiles
 e - 35 arrows
 y - 8 tomahawks (quivered)
Armour
 b - a +0 leather armour (worn)
 i - a +0 helmet (worn)
 n - a +0 cloak (worn)
 s - a +1 scale mail of fire resistance
 u - a +0 pair of boots (worn)
 B - a +2 ring mail of fire resistance
 F - a +0 pair of gloves (worn)
Rods
 E - a +0 iron rod (14/14)
   (You found it on level 3 of the Dungeon)
Wands
 f - a wand of slowing (32/48)
Scrolls
 g - 2 scrolls of identify
 h - 3 scrolls of teleportation {unknown}
 k - a scroll of random uselessness
 l - 2 scrolls of noise {unknown}
 m - 3 scrolls of remove curse
 p - a scroll of amnesia {unknown}
 q - 2 scrolls of magic mapping {unknown}
 z - a scroll of immolation {unknown}
 G - a scroll of fear {unknown}
Potions
 j - a potion of magic {unknown}
 o - a potion of cancellation {unknown}
 t - a potion of berserk rage {unknown}
 v - 2 potions of curing {unknown}
 C - a potion of might {unknown}
 D - a potion of brilliance {unknown}
Books
 c - a book of Battle

   Spells                             Type                      Level
   a - Infusion                       Charms                       1
   b - Shroud of Golubria             Charms/Translocation         2
   c - Song of Slaying                Charms                       2
   d - Spectral Weapon                Hexes/Charms                 3
   e - Regeneration                   Charms/Necromancy            3
 w - a book of the Tempests

   Spells                             Type                      Level
   a - Static Discharge               Conjuration/Air              3
   b - Lightning Bolt                 Conjuration/Air              5
   c - Fireball                       Conjuration/Fire             5
   d - Tornado                        Air                          9
   e - Shatter                        Earth                        9
Comestibles
 d - 3 meat rations
 A - 7 fruits


   Skills:
 + Level 4.3 Fighting
 + Level 5.1 Polearms
 - Level 0.6 Armour
 - Level 1.3 Dodging
 - Level 0.8 Stealth
 - Level 2.0 Spellcasting
 * Level 6.0 Charms


You couldn't memorise any spells.
You knew the following spells:

 Your Spells              Type           Power        Failure   Level  Hunger
a - Infusion              Chrm           ###.         2%          1    ##.....
b - Shroud of Golubria    Chrm/Tloc      #.........   14%         2    ###....
c - Spectral Weapon       Hex/Chrm       #.......     28%         3    ####...
d - Regeneration          Chrm/Necr      #.........   28%         3    ####...


Dungeon Overview and Level Annotations

Branches:
Dungeon (4/15)
 Temple: D:4-7

Altars:
Dithmenos
Qazlal
Xom
Yredelemnul
Zin
The Shining One


Message History

Your spectral weapon shares its damage with you!
The orc priest hits your spectral weapon with a dagger.
Your spectral weapon fades away.
The orc hits you but does no damage.
Your shroud bends the orc priest's attack away!
You closely miss the orc.
Your shroud begins to fray at the edges.
You closely miss the orc. The orc hits you with a short sword.
The orc priest looks braver for a moment.
You hit the orc.
The orc is moderately wounded.
The orc priest calls down the wrath of Beogh upon you.
Beogh smites you!
* * * LOW HITPOINT WARNING * * *
The orc hits you with a short sword.
* * * LOW HITPOINT WARNING * * *
The orc priest calls down the wrath of Beogh upon you.
Beogh smites you!
You die...
Your body rises from the dead as a mindless zombie.

##....# #.... ..
##.....##..##. ##.#
###..#)....# .## #..#
.....#....## #.# ##.#
#......# #.###..#
##..o.## ##..#...###
###.o###
##..#......####
#..#o.###.####.###...#.
#.####@..## #...###...
## ##### #.....#.##
###..##.# .###### ##


You could see 2 orc priests and an orc.

Vanquished Creatures
  An ogre (D:4)
  An orc wizard (D:4)
  Jessica (D:3)
  Terence (D:1)
  A worker ant (D:4)
  2 gnolls (D:2)
  4 adders
  An adder skeleton (D:4)
  A worm (D:2)
  2 dart slugs (D:1)
  5 giant geckos
  4 orcs (D:4)
  A ball python (D:4)
  9 bats
  11 giant cockroaches
  6 goblins
  9 hobgoblins
  11 jackals
  9 kobolds
  5 quokkas (D:2)
  5 giant newts
  4 rats
  3 plants (D:2)
97 creatures vanquished.

Vanquished Creatures (others)
  A plant (D:2)
  2 spectral weapons (D:4)
3 creatures vanquished.

Grand Total: 100 creatures vanquished

Notes
Turn   | Place    | Note
--------------------------------------------------------------
     0 | D:1      | torvon the Merfolk Skald began the quest for the Orb.
     0 | D:1      | Reached XP level 1. HP: 16/16 MP: 3/3
    86 | D:1      | Reached XP level 2. HP: 19/23 MP: 0/5
   234 | D:1      | Reached skill level 4 in Charms
   238 | D:1      | Reached XP level 3. HP: 28/28 MP: 6/6
   672 | D:2      | Learned a level 2 spell: Shroud of Golubria
   678 | D:2      | Found a stormy altar of Qazlal.
   678 | D:2      | Noticed an earth elemental
   683 | D:2      | Noticed Terence
   685 | D:2      | Noticed an air elemental
   754 | D:1      | HP: 1/28 [Terence/mace (1)]
   755 | D:1      | Killed Terence
   755 | D:1      | Reached XP level 4. HP: 2/35 MP: 1/7
  1164 | D:2      | Noticed a fire elemental
  1169 | D:2      | Noticed a water elemental
  1414 | D:2      | Found a basalt altar of Yredelemnul.
  1425 | D:2      | Became a worshipper of Yredelemnul the Dark
  1568 | D:2      | Learned a level 3 spell: Spectral Weapon
  1716 | D:2      | Found a shadowy altar of Dithmenos.
  1722 | D:2      | Reached XP level 5. HP: 41/41 MP: 0/8
  1730 | D:2      | Reached skill level 5 in Charms
  2424 | D:3      | Noticed Jessica
  2431 | D:3      | Killed Jessica
  2449 | D:3      | Found a shimmering altar of Xom.
  2449 | D:3      | Found a glowing golden altar of the Shining One.
  2864 | D:4      | Noticed an ogre
  2875 | D:4      | Killed an ogre
  2875 | D:4      | Reached XP level 6. HP: 33/48 MP: 0/9
  3089 | D:4      | Reached * piety under Yredelemnul
  3326 | D:4      | Found a glowing silver altar of Zin.
  3378 | D:4      | Reached skill level 5 in Polearms
  3530 | D:4      | Learned a level 3 spell: Regeneration
  3794 | D:4      | Reached skill level 6 in Charms
  3807 | D:4      | Killed from afar by an orc priest

Skill      XL: |  1  2  3  4  5  6 |
---------------+-------------------+-----
Charms         | 4 5 6 |  6.0
Fighting       | 3 4 |  4.3
Polearms       | 4 5 |  5.1
Armour         | |  0.6
Dodging        | |  1.3
Stealth        | |  0.8
Spellcasting   | |  2.0

Action                   |  1- 3 |  4- 6 || total
-------------------------+-------+-------++-------
Melee: Spear             |   114 |   429 ||   543
 Cast: Infusion          |     6 |    15 ||    21
       Shroud of Golubri |     1 |     9 ||    10
       Spectral Weapon   |       |     7 ||     7
  Use: Scroll            |       |     4 ||     4
 Stab: Distracted        |       |     1 ||     1
       Sleeping          |       |     1 ||     1
  Eat: Bread ration      |       |     2 ||     2
       Royal jelly       |       |     1 ||     1
       Pizza             |       |     1 ||     1
Armor: Leather armour    |    24 |    70 ||    94
Dodge: Dodged            |    40 |   135 ||   175
